Map: Crête de Lerilak

Players

lIIlllllIIll - Winner!

  • Race: Terran Terran
  • League: Silver

Jarvis

  • Race: Zerg Zerg
  • League: Gold

VOD

Have the link to the VOD?

Description

2base all in hellbat medivac marines

Time

  • Played on: Oct. 15, 2015, 12:42 p.m.
  • Length: 14:13
Show
View Real Time Build Order
Export as new Build Order

lIIlllllIIll Terran - Winner!

Build Orders: Hellion Opening 

Get SALT Encoding   

  12  0:01  SCV  
  13  0:13  SCV  
  14  0:18  Supply Depot  
  14  0:26  SCV  
  15  0:29  Refinery  
  15  0:40  SCV  
  16  0:45  Barracks  
  16  0:52  SCV  
  17  1:04  SCV  
  18  1:16  SCV  
  19  1:28  SCV  
  20  1:36  Factory, Marine  
  21  1:40  Orbital Command  
  21  2:00  Command Center, Barracks Reactor  
  21  2:15  Supply Depot  
  21  2:20  Hellion  
  23  2:27  Supply Depot  
  23  2:28  Refinery  
  23  2:36  SCV  
  24  2:49  SCV  
  24  2:50  Barracks Reactor  
  25  2:53  Hellion x2  
  29  3:01  SCV  
  30  3:11  Supply Depot  
  30  3:13  Starport  
  30  3:16  Armory  
  28  3:30  Hellion x2  
  28  3:32  SCV  
  33  3:41  Orbital Command  
  33  3:47  SCV  
  34  3:49  Marine x2  
  34  3:53  Medivac  
  38  3:58  Hellion  
  38  4:01  SCV  
  41  4:07  SCV  
  42  4:10  Marine  
  42  4:11  Marine  
  42  4:13  Hellion  
  46  4:19  SCV  
  46  4:20  SCV  
  46  4:22  Hellion  
  50  4:24  Medivac  
  52  4:37  SCV x2  
  54  4:42  Marine x2  
  54  4:44  Hellion  
  53  5:35  SCV x2  
  55  5:37  Marine x2, Medivac  
  55  5:38  Hellion  
  61  5:46  Hellion  
  61  5:47  Supply Depot, SCV x2  
  61  5:48  Supply Depot  
  65  5:52  Supply Depot  
  65  5:55  Marine  
  66  5:59  SCV x2  
  66  6:00  Hellion  
  70  6:09  Hellion  
  72  6:11  SCV x2  
  72  6:12  Marine  
  72  6:13  Marine  
  76  6:23  SCV  
  76  6:24  SCV  
  78  6:29  Marine  
  78  6:30  Marine  
  80  6:36  SCV  
  81  6:43  SCV  
  77  6:48  SCV  
  77  6:49  Hellion x2  
  77  6:50  Command Center, Marine x2  
  77  6:53  Medivac  
  80  6:55  SCV  
  80  7:00  SCV  
  82  7:07  SCV, Marine  
  82  7:08  Marine  
  83  7:11  Hellion x2  
  83  7:12  SCV  
  85  7:19  SCV  
  83  7:24  SCV  
  83  7:25  Marine x2  
  84  7:31  SCV  
  84  7:32  Hellion  
  84  7:36  SCV  
  87  7:43  SCV, Marine x2  
  90  7:46  Barracks  
  90  7:48  SCV, Medivac  
  90  7:49  Barracks  
  90  7:50  Barracks  
  88  7:52  Barracks  
  88  7:55  SCV  
  83  8:00  SCV  
  83  8:01  Marine x2  
  81  8:16  Orbital Command  
  81  8:17  SCV x2  
  81  8:18  Medivac  
  81  8:19  Marine x2  
  87  8:20  Refinery  
  87  8:22  Refinery  
  87  8:29  SCV x2  
  87  8:34  Hellion x2  
  93  8:37  Marine x2  
  93  8:38  Barracks Tech Lab  
  95  8:43  Barracks Tech Lab  
  95  8:44  Terran Vehicle And Ship Armor Level 1  
  95  8:45  SCV x2  
  97  8:55  Hellion  
  99  8:59  Marauder, Marine x4  
  105  9:09  Supply Depot  
  105  9:10  Supply Depot  
  105  9:11  Engineering Bay x2  
  105  9:12  Supply Depot  
  105  9:17  Marine x4  
  109  9:30  Marauder, Medivac, Widow Mine x2  
  97  9:52  Marauder  
  95  9:57  Marauder, Orbital Command, Marine x4  
  103  10:00  Hellion x2  
  103  10:13  Marauder  
  105  10:14  Marine  
  105  10:15  Marine x2  
  105  10:18  SCV x2, Marauder  
  114  10:21  Hellion  
  114  10:25  Marine  
  115  10:30  SCV x2  
  115  10:32  Terran Infantry Armor Level 1, Marine x2  
  115  10:33  Terran Infantry Weapons Level 1  
  115  10:35  Stimpack, Marauder  
  121  10:37  Medivac  
  121  10:38  Hellion  
  121  10:40  Combat Shields, Marauder  
  129  10:43  Hellion, Marine x2  
  129  10:49  Supply Depot  
  131  10:50  SCV x2, Supply Depot  
  131  10:52  Supply Depot  
  131  10:53  Marine x2  
  131  10:56  Marauder  
  137  11:01  SCV, Marine, Marauder  
  137  11:02  SCV x2  
  137  11:03  Marine  
  144  11:05  Refinery  
  144  11:08  Hellion, Refinery  
  144  11:11  Marine  
  146  11:12  Hellion  
  146  11:17  Marauder  
  151  11:22  Marauder  
  153  11:35  Marine x3  
  153  11:36  Marine  
  153  11:39  Marauder  
  159  11:43  SCV x2, Hellion  
  159  11:44  Marauder  
  163  11:53  Marine x4  
  167  11:55  SCV  
  167  12:00  Marauder  
  170  12:05  Marauder  
  168  12:11  Marine x4  
  161  12:24  Marauder  
  161  12:26  Marine  
  161  12:28  Marine  
  161  12:29  Marine x3  
  168  12:39  Hellion  
  168  12:40  Hellion, Medivac  
  168  12:44  Marine  
  174  12:45  Marine  
  174  12:46  Marine x2  
  174  12:47  Marine x2  
  175  13:01  Hellion x2  
  175  13:02  Marauder  
  175  13:03  Marine  
  182  13:15  Marine x4  
  186  13:21  Marauder  
  186  13:23  Hellion, Marine  
  185  13:33  Marine x4  
Show
View Real Time Build Order
Export as new Build Order

Jarvis Zerg 

Build Orders: Hatch First 

Get SALT Encoding   

  12  0:02  Drone  
  13  0:17  Drone  
  13  0:19  Overlord  
  14  0:39  Drone x3  
  17  0:57  Hatchery  
  17  1:00  Drone  
  17  1:03  Extractor  
  16  1:07  Drone  
  17  1:18  Spawning Pool  
  17  1:23  Drone x2  
  18  1:35  Overlord  
  18  1:46  Drone  
  19  1:54  Drone  
  20  2:05  Metabolic Boost  
  20  2:08  Queen  
  20  2:09  Queen  
  20  2:10  Zergling x2  
  20  2:13  Zergling x2  
  26  2:26  Drone x2  
  28  2:34  Drone x2  
  30  2:43  Drone  
  30  2:44  Drone  
  32  2:49  Drone  
  33  2:52  Drone  
  34  2:58  Queen  
  34  3:12  Overlord  
  34  3:15  Extractor, Queen  
  34  3:16  Hatchery  
  35  3:32  Drone x2  
  35  3:33  Drone x5  
  35  3:34  Overlord  
  42  3:35  Overlord  
  42  3:39  Zergling x2  
  43  3:52  Drone  
  43  3:53  Drone  
  45  4:02  Zergling x4  
  47  4:06  Drone  
  47  4:08  Lair  
  48  4:13  Drone x3  
  48  4:14  Extractor  
  50  4:18  Zergling x4  
  52  4:29  Extractor  
  52  4:30  Extractor  
  50  4:31  Evolution Chamber  
  50  4:32  Evolution Chamber  
  48  4:40  Drone x8  
  55  4:57  Roach Warren  
  51  5:02  Zergling x20  
  46  5:34  Queen  
  46  5:35  Queen  
  48  5:37  Roach  
  48  5:38  Roach x6  
  64  5:43  Overlord x3  
  64  5:53  Baneling Nest  
  64  5:55  Roach  
  65  5:58  Overlord  
  65  5:59  Overlord  
  63  6:05  Roach x3  
  69  6:14  Glial Reconstitution  
  69  6:16  Roach  
  69  6:17  Roach  
  75  6:22  Overlord  
  75  6:24  Overlord  
  71  6:37  Roach x2  
  65  6:52  Roach  
  65  6:53  Roach x6  
  67  7:03  Roach  
  67  7:05  Queen  
  65  7:16  Zergling x4  
  57  7:29  Roach x4  
  62  7:30  Roach  
  45  7:45  Roach  
  45  7:46  Roach x2  
  38  8:07  Zergling x8  
  38  8:08  Zergling x2  
  43  8:21  Queen  
  43  8:22  Drone  
  43  8:23  Drone x7  
  53  8:28  Extractor  
  53  8:31  Hatchery  
  51  8:38  Extractor  
  50  8:43  Drone x3  
  50  8:44  Drone  
  50  8:47  Hatchery  
  53  8:49  Drone  
  53  8:50  Overseer  
  54  9:01  Drone x2  
  54  9:02  Drone x2  
  57  9:12  Baneling x4  
  57  9:13  Baneling x3  
  57  9:15  Zergling x6  
  60  9:27  Zergling x4  
  57  9:42  Zergling x4  
  57  9:43  Zergling x12  
  58  9:50  Drone  
  59  9:55  Drone x2  
  59  9:56  Drone  
  61  10:09  Queen  
  61  10:12  Drone x6  
  67  10:24  Spire  
  67  10:25  Centrifical Hooks  
  66  10:43  Drone x8  
  66  10:44  Drone x3  
  77  11:04  Evolution Chamber, Drone x3  
  77  11:05  Evolution Chamber, Drone x3, Extractor x2  
  79  11:15  Queen  
  79  11:17  Overlord x2  
  81  11:23  Drone x3  
  84  11:31  Zergling x2  
  84  11:32  Zergling x10  
  90  11:44  Baneling x5  
  90  11:45  Baneling x3  
  90  11:47  Baneling x2  
  90  11:48  Baneling x2  
  90  11:49  Baneling  
  90  11:50  Baneling x2  
  90  11:51  Baneling  
  88  11:57  Roach x4  
  88  11:58  Roach  
  89  12:12  Roach x2  
  89  12:13  Roach x4  
  89  12:21  Roach x2  
  80  12:27  Roach  
  81  12:36  Zergling x6  
  81  12:37  Zergling x2  
  79  12:38  Zergling x2  
  76  12:49  Zergling x4  
  76  12:50  Zergling x4  
  76  12:55  Zergling x4  
  75  12:59  Baneling x2  
  72  13:07  Baneling x5  
  72  13:12  Zergling x6  
Tags
 
Add a new tag
Caveats
  • Supply blocks, unpowered buildings, or Contaminate may cause inaccurate times.
  • Supply counts are checked every 10 seconds.